 Dungeon Crawl Stone Soup version 0.29.1-1-gd02db6906a (webtiles) character file.

Game seed: 11269957913611965725

53097 croobank the Spry (level 14, -2/72 HPs)
             Began as a Felid Summoner on Oct 8, 2022.
             Was an Initiate of Gozag.
             Killed from afar by a naga (10 damage)
             ... with a splash of poison
             ... on level 2 of the Snake Pit on Oct 9, 2022.
             The game lasted 03:24:55 (38686 turns).

croobank the Spry (Felid Summoner)                 Turns: 38686, Time: 03:24:56

Health: -2/72      AC:  3    Str: 11    XL:     14   Next: 29%
Magic:  22/29      EV: 30    Int: 29    God:    Gozag
Gold:   1152       SH:  5    Dex: 16    Spells: 2/33 levels left
                                        Lives:  0   Deaths: 4

rFire   + . .      SeeInvis +   (weapon unavailable)
rCold   . . .      Faith    .   (shield unavailable)
rNeg    + . .      Spirit   .   (body armour unavailable)
rPois   .          Reflect  +   (helmet unavailable)
rElec   .          Harm     .   (cloak unavailable)
rCorr   .          Rampage  .   (gloves unavailable)
Will    ++++.                   (boots unavailable)
Stlth   ++........              m - amulet "Okyplai" {Reflect rC- Will+ Str+7 SH+5}
HPRegen 0.22/turn               g - ring "Gobleg" {*Slow rF+ rN+ Int+7 Slay-2}
MPRegen 0.21/turn               q - ring of willpower

@: brilliant, lethally poisoned (-2 -> -6), very slightly contaminated, quick
A: very small, claws 1, fangs 3, see invisible, speed 1, shaggy fur 3, stealthy
paws, no weapons or thrown items, no armour, multi-lived
a: Renounce Religion, Potion Petition, Call Merchant, Bribe Branch


You were on level 2 of the Snake Pit.
You worshipped Gozag.
Gozag was most pleased with you.
You visited 6 branches of the dungeon, and saw 24 of its levels.

You collected 6626 gold pieces.
You spent 320 gold pieces at shops.
You paid 5154 gold pieces to Gozag.

Inventory:

Jewellery
 b - a ring of fire
 f - a ring of fire
 g - the ring "Gobleg" (left paw) {*Slow rF+ rN+ Int+7 Slay-2}
   (You acquired it on level 12 of the Dungeon)

   [ring of protection from fire]

   Int:       It affects your intelligence (+7).
   Slay:      It affects your accuracy & damage with ranged weapons and melee
   (-2).
   rF:        It protects you from fire.
   rN:        It protects you from negative energy.
   *Slow:     It may slow you when you take damage.
 h - a ring of fire
 l - a +4 ring of protection
 m - the amulet "Okyplai" (around neck) {Reflect rC- Will+ Str+7 SH+5}
   (You found it on level 8 of the Dungeon)

   [amulet of reflection]

   It reflects blocked missile attacks.
   Str:       It affects your strength (+7).
   rC:        It makes you vulnerable to cold.
   SH:        It affects your SH (+5).
   Will:      It increases your willpower.
 q - a ring of willpower (right paw)
 u - a ring of ice
 w - a +6 ring of intelligence
 y - a ring of ice
 H - a +4 ring of protection
Wands
 s - a wand of digging (6)
 v - a wand of flame (29)
 z - a wand of charming (4)
 I - a wand of mindburst (2)
 J - a wand of roots (3)
 L - a wand of polymorph (1)
Scrolls
 i - 6 scrolls of magic mapping
 j - 8 scrolls of noise
 k - 4 scrolls of identify
 o - 5 scrolls of vulnerability
 p - a scroll of immolation
 t - 4 scrolls of teleportation
 x - a scroll of blinking
 C - a scroll of fear
 F - 2 scrolls of butterflies
 K - a scroll of amnesia
Potions
 a - 6 potions of flight
 c - 4 potions of cancellation
 d - 3 potions of mutation
 e - 2 potions of curing
 n - 3 potions of attraction
 r - 5 potions of brilliance
 A - a potion of berserk rage
 B - 2 potions of ambrosia
 D - 4 potions of haste
 E - a potion of invisibility
Miscellaneous
 M - a condenser vane


   Skills:
 - Level 14.9 Fighting
 - Level 19.0 Dodging
 - Level 3.3 Stealth
 - Level 10.0 Spellcasting
 - Level 7.0 Hexes
 - Level 10.0 Summonings
 + Level 8.4 Translocations
 + Level 6.4 Transmutations
 - Level 7.0 Air Magic


You had 2 spell levels left.
You knew the following spells:

 Your Spells              Type           Power      Damage    Failure   Level
a - Summon Small Mammal   Summ           100%       N/A       1%          1
b - Call Imp              Summ           83%        N/A       1%          2
c - Call Canine Familiar  Summ           83%        N/A       1%          3
d - Summon Guardian Gole  Hex/Summ       77%        N/A       1%          3
e - Summon Mana Viper     Hex/Summ       77%        N/A       3%          5
f - Summon Lightning Spi  Summ/Air       77%        N/A       1%          4
g - Summon Forest         Summ/Tloc      40%        N/A       2%          5
h - Summon Cactus Giant   Summ           41%        N/A       10%         6
i - Blink                 Tloc           100%       N/A       1%          2

Your spell library contained the following spells:

 Spells                   Type           Power      Damage    Failure   Level
 Sting                    Tmut/Pois      100%       1d8       1%          1
 Poisonous Vapours        Pois/Air       100%       N/A       1%          2
 Foxfire                  Conj/Fire      84%        2x1d8     3%          1
 Tukima's Dance           Hex            70%        N/A       1%          3
 Airstrike                Air            35%        2d(5-21)  1%          4
 Passage of Golubria      Tloc           76%        N/A       1%          4
 Inner Flame              Hex/Fire       51%        N/A       2%          3
 Manifold Assault         Tloc           76%        N/A       3%          5
 Silence                  Hex/Air        35%        N/A       6%          5
 Blade Hands              Tmut           33%        N/A       8%          5
 Petrify                  Tmut/Erth      49%        N/A       10%         4
 Conjure Flame            Conj/Fire      21%        6-21      11%         3
 Lightning Bolt           Conj/Air       25%        1d41      24%         5
 Metabolic Englaciation   Hex/Ice        25%        N/A       24%         5
 Flame Wave               Conj/Fire      21%        2d8       36%         4
 Olgreb's Toxic Radiance  Pois           21%        N/A       36%         4
 Statue Form              Tmut/Erth      32%        N/A       83%         6
 Storm Form               Tmut/Air       34%        N/A       90%         7
 Lehudib's Crystal Spear  Conj/Erth      10%        10d4      100%        8
 Portal Projectile        Hex/Tloc       Unusable   N/A       N/A         3

Dungeon Overview and Level Annotations

Branches:
Dungeon (13/15)            Temple (1/1) D:5            Lair (5/5) D:11
 Shoals (1/4) Lair:2        Snake (2/4) Lair:3        Slime (0/5) Lair:5
    Orc (2/2) D:9             Elf (0/3) Orc:2
 Vaults: D:13-14

Altars:
Ashenzari
Cheibriados
Elyvilon
Fedhas
Gozag
Hepliaklqana
Makhleb
Nemelex Xobeh
Okawaru
Qazlal
Sif Muna
Trog
Uskayaw
Vehumet
Wu Jian
Yredelemnul
Zin
The Shining One
Jiyva

Shops:
D:1 ?   Orc:2 [=*?   Snake:1 **=*[

Portals:
Pandemonium: Orc:2

Annotations:
D:3 1 runed translucent door
D:4 1 runed translucent door, Crazy Yiuf
D:7 1 runed translucent door, corgi's ghost, novice TrFi
D:9 3 runed translucent doors, jamesp's ghost, journeyman GnWn
D:13 Rupert


Innate Abilities, Weirdness & Mutations

You have sharp claws.
You have razor-sharp teeth.
You have supernaturally acute eyesight. (SInv)
You cover ground quickly. (Speed+)
Your thick and shaggy fur keeps you warm. (AC +3, rC+)
Your paws help you pounce on unaware monsters.
You are incapable of wielding weapons or throwing items.
You cannot wear armour.
You gain extra lives every three experience levels.


Message History

The naga sharpshooter wields a +0 shortbow.
The naga sharpshooter mumbles some strange words.
The naga sharpshooter magically shoots an arrow.
The arrow misses you.
Your cactus giant barely misses the naga sharpshooter.
The naga sharpshooter shoots an arrow.
The arrow barely misses your cactus giant.
The arrow hits you!
The naga sharpshooter casts a spell.
The naga sharpshooter magically shoots an arrow.
The arrow hits you!!
* * * LOW HITPOINT WARNING * * *
The naga sharpshooter shoots an arrow.
The arrow hits your cactus giant!
Okay, then. [a] - 230 gold - haste [b] - 360 gold - resistance, might and brilliance [c] - 240 gold - brilliance and magic Purchase which effect?
You feel clever all of a sudden. Magic courses through your body.
The naga sharpshooter shoots an arrow.
The arrow hits your cactus giant! Something bites your cactus giant!!
Your cactus giant hits the naga sharpshooter with a +0 giant spiked club!
Something barely misses your cactus giant.
The naga sharpshooter falters for a moment.
Something hits your cactus giant! Something freezes your cactus giant.
Your cactus giant is destroyed!
Your cactus giant disappears in a puff of smoke!
Your lightning spire shoots out a bolt of lightning at the naga sharpshooter!
The bolt of electricity hits the naga sharpshooter!
Casting: Summon Lightning Spire (dangerous; 1% risk of failure)
Confirm with . or Enter, or press ? or * to list all spells.
You feel a surge of power!
A mana viper appears with a sibilant hiss.
A black mamba comes into view.
The naga spits poison at you. The splash of poison hits you!
You are poisoned.
You die...
Your body crumbles into a pile of gold. .# ....###.....# N.N........# NN.

#.....# ###§###.....##
### ####.#.#.#......#
..#####......S.#...N..##
..............8#.......#
.##...##.#......@.....#
.#..####.#.#.S##......#
.#.## #...#..#.......#
...# #...#..#...?...#
#### #...#####.....## #
#...#...##...##. #
#..##....##.##.. #
##........###... ##♣
.##. #............


You could see a black mamba, a naga (catching breath), a friendly mana viper
(summoned) and a friendly lightning spire (summoned).

Vanquished Creatures
  A catoblepas (Lair:5)
  A manticore (Lair:5)
  A yak (Lair:2)
  A warg (Orc:1)
  An orc warrior (Orc:1)
  A killer bee (D:11)
  An orc priest (D:6)
  A nameless horror (D:4)
  A gnoll (D:4)
  An ufetubus (D:5)
  2 orcs (D:6)
  2 giant cockroaches
  2 goblins
  2 hobgoblins
  A jackal (D:4)
  A frilled lizard (D:3)
  A kobold (D:4)
21 creatures vanquished.

Vanquished Creatures (collateral kills)
  A nagaraja (Snake:2)
  5 anacondas
  3 boulder beetles
  Erolcha (D:10)
  A two-headed ogre (D:12)
  2 catoblepae (Lair:5)
  2 demonspawn (Orc:2)
  A merfolk avatar (Shoals:1)
  3 death yaks (Lair:5)
  A shock serpent (Snake:1)
  8 orc high priests (Orc:2)
  A salamander mystic (Snake:2)
  A naga ritualist (Snake:1)
  4 harpies (Shoals:1)
  5 orc knights
  4 mana vipers (Snake:1)
  5 orc sorcerers
  3 salamanders
  3 cyclopes
  3 manticores
  Maurice (D:12)
  2 fauns (Shoals:1)
  2 elephants (Lair:3)
  2 merfolk sirens (Shoals:1)
  3 naga magi
  15 black mambas
  A guardian serpent (Lair:3)
  Maggie (D:9)
  A gargoyle (D:11)
  13 cane toads
  8 kobold demonologists
  3 rime drakes
  An unseen horror (D:11)
  7 komodo dragons
  5 polar bears
  2 red devils (Orc:2)
  A queen bee (Lair:1)
  3 trolls
  7 dream sheep
  11 blink frogs
  4 shadows
  3 vampires
  Sigmund (D:2)
  2 wyverns (Lair:1)
  35 yaks
  A wraith (D:9)
  A fire elemental (Snake:2)
  A basilisk (Lair:3)
  A vampire mosquito (D:12)
  10 nagas
  5 wargs
  A hell hound (Snake:2)
  16 water moccasins
  A sky beast (D:7)
  8 black bears
  28 orc warriors
  An ice beast (D:7)
  4 ogres
  5 centaurs
  A phantom (D:7)
  6 kobold brigands
  13 bullfrogs
  A gnoll sergeant (Orc:1)
  3 scorpions
  2 necrophages (D:4)
  A wight (D:9)
  Dowan (D:4)
  23 killer bees
  2 howler monkeys
  2 jellies
  26 orc priests
  2 iguanas
  17 orc wizards
  A statue (D:10)
  4 nameless horrors
  20 gnolls
  4 adders
  A shadow imp (D:3)
  2 white imps
  2 ufetubi (D:6)
  63 orcs
  4 endoplasms
  9 hobgoblins
  2 quokkas
  3 ball pythons
  3 bats
  A frilled lizard (D:3)
  5 goblins
  A jackal skeleton (D:3)
  25 kobolds
  5 rats
529 creatures vanquished.

Vanquished Creatures (others)
  Snorg (D:10)
  3 hydras
  A catoblepas (Lair:5)
  3 death yaks (Lair:5)
  Urug (Lair:5)
  An orc knight (Orc:2)
  Pikel (D:4)
  An elephant (Lair:3)
  A black mamba (Lair:5)
  A cane toad (Lair:1)
  A komodo dragon (Lair:3)
  A hornet (D:8)
  A shadow (D:8)
  11 yaks
  2 vampire mosquitoes (D:12)
  2 wargs (D:11)
  Duvessa (D:4)
  An ice beast (D:7)
  2 black bears
  4 orc warriors
  2 ogres
  A centaur (D:10)
  4 lemures (D:4)
  A gnoll sergeant (D:8)
  A scorpion (D:6)
  13 wights
  A howler monkey (D:4)
  A hound (D:5)
  An orc priest (D:6)
  A gnoll bouda (D:8)
  3 iguanas
  An orc wizard (D:9)
  An adder (D:6)
  7 gnolls
  9 orcs
  A quokka (D:3)
  A kobold zombie (D:3)
  43 fungi
  66 plants
  5 snaplasher vines
203 creatures vanquished.

Grand Total: 753 creatures vanquished

Notes
Turn   | Place    | Note
-------+----------+-------------------------------------------
     0 | D:1      | croobank the Felid Summoner began the quest for the Orb.
     0 | D:1      | Reached XP level 1. HP: 7/7 MP: 4/4
    77 | D:1      | Found Noifeed's Magic Scroll Shop.
   113 | D:1      | Reached skill level 3 in Dodging
   113 | D:1      | Reached XP level 2. HP: 11/11 MP: 0/6
   268 | D:1      | Learned a level 2 spell: Call Imp
  1193 | D:2      | Noticed Sigmund
  1195 | D:2      | Reached XP level 3. HP: 14/14 MP: 4/7
  1420 | D:2      | You fall into a shaft and drop 1 floor!
  1520 | D:3      | Learned a level 3 spell: Call Canine Familiar
  1824 | D:3      | Found a runed translucent door.
  1824 | D:3      | Noticed a human
  1825 | D:3      | Found a basalt altar of Yredelemnul.
  2233 | D:2      | Reached skill level 1 in Fighting
  2662 | D:2      | Reached XP level 4. HP: 19/19 MP: 4/8
  3194 | D:3      | Reached skill level 4 in Dodging
  3194 | D:3      | Reached XP level 5. HP: 22/22 MP: 4/10
  3198 | D:3      | Learned a level 3 spell: Summon Guardian Golem
  3634 | D:4      | Reached skill level 1 in Hexes
  3714 | D:4      | Found a shimmering blue altar of Sif Muna.
  3900 | D:4      | Noticed Duvessa
  3900 | D:4      | Noticed Dowan
  3918 | D:4      | Slain by Duvessa
  3919 | D:4      | Reached XP level 4. HP: 0/19 MP: 0/9
  4075 | D:4      | Noticed a necrophage
  4092 | D:4      | Killed a necrophage
  4093 | D:4      | Reached XP level 5. HP: 22/22 MP: 3/10
  4099 | D:4      | Noticed Pikel
  4099 | D:4      | Noticed a lemure
  4099 | D:4      | Noticed a lemure
  4102 | D:4      | Noticed a lemure
  4108 | D:4      | Noticed a lemure
  4111 | D:5      | Entered Level 5 of the Dungeon
  4158 | D:4      | Killed a lemure
  4158 | D:4      | Killed a lemure
  4160 | D:4      | Killed a lemure
  4209 | D:4      | Reached skill level 5 in Summonings
  4530 | D:3      | Found a stormy altar of Qazlal.
  5594 | D:4      | Found a runed translucent door.
  5595 | D:4      | Noticed Crazy Yiuf
  5813 | D:4      | Killed a lemure
  6159 | D:5      | Gained mutation: You are covered in thick fur. (AC +2)
                  | [Felid growth]
  6159 | D:5      | Reached XP level 6. HP: 27/27 MP: 7/12
  6307 | D:5      | Identified the +1 robe "Juirph" {rF+ rC+}
  6341 | D:5      | Reached skill level 5 in Dodging
  6391 | D:5      | HP: 1/26 [poisoned by a wight]
  6401 | D:5      | Reached XP level 7. HP: 31/31 MP: 3/13
  6658 | D:5      | Found a staircase to the Ecumenical Temple.
  6665 | Temple   | Entered the Ecumenical Temple
  6694 | Temple   | Became a worshipper of Gozag Ym Sagoz the Greedy
  8069 | D:6      | Reached skill level 6 in Dodging
  8498 | D:4      | Killed Duvessa
  8499 | D:4      | Reached XP level 8. HP: 36/36 MP: 7/15
  8545 | D:4      | Killed Dowan
  8546 | D:4      | Reached skill level 5 in Hexes
  8776 | D:4      | Killed Pikel
  8777 | D:4      | Reached skill level 7 in Dodging
  9148 | D:2      | Killed Sigmund
  9149 | D:2      | Reached skill level 5 in Spellcasting
 10149 | D:6      | Learned a level 5 spell: Summon Mana Viper
 10222 | D:6      | Reached skill level 5 in Fighting
 10510 | D:6      | Reached XP level 9. HP: 40/40 MP: 10/18
 10624 | D:6      | Found a shimmering blue altar of Sif Muna.
 10753 | D:6      | Found a hazy altar of Hepliaklqana.
 10905 | D:7      | Found a runed translucent door.
 11451 | D:7      | Reached skill level 8 in Dodging
 12825 | D:7      | Noticed corgi's ghost (novice TrFi)
 12947 | D:8      | Learned a level 4 spell: Summon Lightning Spire
 12948 | D:8      | Paralysed by a hornet for 3 turns
 12966 | D:8      | Killed by an exploding themself... ignited by their inner
                  | flame
 12967 | D:8      | Reached XP level 8. HP: -12/38 MP: 12/18
 13257 | D:8      | Reached skill level 9 in Dodging
 13499 | D:8      | Reached XP level 9. HP: 42/42 MP: 19/19
 13607 | D:8      | Found an ornate altar of the Wu Jian Council.
 13648 | D:8      | Found a hide-covered altar of Uskayaw.
 14292 | D:8      | Identified the amulet "Okyplai" {Reflect rC- Will+ Str+7
                  | SH+5}
 14480 | D:9      | Reached skill level 1 in Air Magic
 15213 | D:9      | Found a staircase to the Orcish Mines.
 15303 | D:9      | Reached XP level 10. HP: 47/47 MP: 21/21
 15509 | D:9      | Found a sparkling altar of Nemelex Xobeh.
 15516 | D:9      | Found a blossoming altar of Fedhas.
 15542 | D:9      | Found a glowing silver altar of Zin.
 15568 | D:9      | Found a broken altar of Ashenzari.
 15595 | D:9      | Reached skill level 10 in Dodging
 15863 | D:9      | Found a runed translucent gate.
 15863 | D:9      | Found a runed translucent gate.
 15863 | D:9      | Found a runed translucent gate.
 15866 | D:9      | Noticed jamesp's ghost (journeyman GnWn)
 15940 | D:9      | Noticed Maggie
 15949 | D:9      | Killed Maggie
 16566 | D:10     | Entered Level 10 of the Dungeon
 17096 | D:10     | Found a radiant altar of Vehumet.
 17204 | D:10     | Noticed Erolcha
 17219 | D:10     | Killed Erolcha
 17361 | D:10     | Noticed Snorg
 17374 | D:10     | Killed Snorg
 17677 | D:10     | Found an iron altar of Okawaru.
 17957 | D:11     | Noticed a cyclops
 17967 | D:11     | Killed a cyclops
 17968 | D:11     | Reached skill level 11 in Dodging
 17968 | D:11     | Reached XP level 11. HP: 51/51 MP: 5/23
 18417 | D:11     | Found a staircase to the Lair.
 18837 | D:11     | Slain by a chaos spawn
 18838 | D:11     | Reached XP level 10. HP: 0/49 MP: 1/23
 18988 | D:11     | Noticed a cyclops
 19001 | D:11     | Killed a cyclops
 19964 | D:12     | Identified a scroll of acquirement
 19964 | D:12     | Acquired the ring "Gobleg" {*Slow rF+ rN+ Int+7 Slay-2}
 20003 | D:12     | Noticed Maurice
 20023 | D:12     | Killed Maurice
 20151 | D:12     | Noticed a cyclops
 20158 | D:12     | Killed a cyclops
 20159 | D:12     | Reached skill level 5 in Air Magic
 20217 | D:12     | Noticed an eight-headed hydra
 20225 | D:12     | Reached skill level 12 in Dodging
 20231 | D:12     | Killed an eight-headed hydra
 20232 | D:12     | Reached skill level 10 in Summonings
 20232 | D:12     | Reached XP level 11. HP: 52/52 MP: 10/24
 20470 | D:12     | Noticed a two-headed ogre
 20475 | D:12     | Killed a two-headed ogre
 20930 | D:13     | Noticed Rupert
 20964 | Lair:1   | Entered Level 1 of the Lair of Beasts
 21102 | Lair:1   | Found a glowing silver altar of Zin.
 22487 | Lair:2   | Reached skill level 13 in Dodging
 22862 | Lair:2   | Found a staircase to the Shoals.
 22987 | Lair:2   | Gained mutation: Your thick and shaggy fur keeps you warm.
                  | (AC +3, rC+) [Felid growth]
 22987 | Lair:2   | Reached XP level 12. HP: 19/58 MP: 15/26
 22998 | Lair:2   | Reached skill level 10 in Fighting
 24124 | Lair:3   | Reached skill level 10 in Spellcasting
 24412 | Lair:3   | Reached skill level 14 in Dodging
 24789 | Lair:3   | Noticed a boulder beetle
 24814 | Lair:3   | Killed a boulder beetle
 25466 | Lair:3   | Found a staircase to the Snake Pit.
 26139 | Lair:4   | Reached skill level 15 in Dodging
 26701 | Lair:5   | Entered Level 5 of the Lair of Beasts
 26701 | Lair:5   | Noticed a six-headed hydra
 26710 | Lair:5   | Noticed a catoblepas
 26717 | Lair:5   | Killed a six-headed hydra
 26718 | Lair:5   | Reached XP level 13. HP: 37/63 MP: 14/28
 27389 | Lair:5   | Reached skill level 16 in Dodging
 27822 | Lair:5   | Identified the +1 chain mail "Xoruamn" {rC++ Will- Int+2}
 27899 | Lair:5   | Noticed Urug
 27914 | Lair:5   | Killed Urug
 28710 | Lair:5   | Reached skill level 17 in Dodging
 29603 | Lair:5   | Found a viscous altar of Jiyva.
 29603 | Lair:5   | Found a staircase to the Slime Pits.
 30359 | Orc:1    | Entered Level 1 of the Orcish Mines
 30568 | Orc:1    | Reached XP level 14. HP: 44/70 MP: 10/29
 31363 | Orc:2    | Entered Level 2 of the Orcish Mines
 31372 | Orc:1    | Learned a level 5 spell: Summon Forest
 31431 | Orc:2    | Found a staircase to the Elven Halls.
 31578 | Orc:1    | Learned a level 6 spell: Summon Cactus Giant
 31704 | Orc:2    | Reached skill level 18 in Dodging
 31828 | Orc:2    | Learned a level 2 spell: Blink
 32050 | Orc:2    | Found Hemomega's General Store.
 32052 | Orc:2    | Found Bialek's Magic Scroll Emporium.
 33027 | Orc:2    | Bought a scroll of blinking for 112 gold pieces
 33027 | Orc:2    | Bought 2 scrolls of teleportation for 90 gold pieces
 33027 | Orc:2    | Bought a scroll of teleportation for 45 gold pieces
 33027 | Orc:2    | Bought a scroll of teleportation for 45 gold pieces
 33086 | Orc:2    | Bought a scroll of identify for 28 gold pieces
 34076 | Orc:2    | HP: 2/70 [orc high priest/divine providence (9)]
 34727 | Orc:2    | Reached skill level 19 in Dodging
 35197 | Orc:2    | Found Ehuimeysm's Antique Armour Shop.
 35197 | Orc:2    | Found a one-way gate leading to the halls of Pandemonium.
 35197 | Orc:2    | Found Witotoch's Jewellery Boutique.
 35391 | Shoals:1 | Entered Level 1 of the Shoals
 35444 | Shoals:1 | Reached skill level 1 in Translocations
 35449 | Shoals:1 | Reached skill level 1 in Transmutations
 35976 | Shoals:1 | HP: 3/72 [harpy (16)]
 35976 | Shoals:1 | Mangled by a harpy
 35977 | Shoals:1 | Reached XP level 13. HP: -6/68 MP: 1/28
 36132 | Snake:1  | Entered Level 1 of the Snake Pit
 36304 | Snake:1  | Found Jullaf's Armour Shop.
 36636 | Snake:1  | Reached skill level 5 in Translocations
 36938 | Snake:1  | HP: 3/68 [black mamba (5)]
 37382 | Snake:1  | Reached XP level 14. HP: 58/72 MP: 13/29
 37385 | Snake:1  | Reached skill level 5 in Transmutations
 37912 | Snake:2  | Noticed a nagaraja
 37924 | Snake:2  | Killed a nagaraja
 38114 | Snake:2  | HP: 3/72 [salamander/+3 trident (3)]
 38686 | Snake:2  | Killed from afar by a naga

Illustrated notes

Levels and vault maps discovered:
D:1:      roderic_octagonal_star, layout_basic, serial_shops, shop_fountains
D:2:      minmay_evil_eye, layout_rooms, kennysheep_generic_room_7, uniq_sigmund
D:3:      layout_rooms, dk_yredelemnul_ordeal, mainiacjoe_overflow_tiny_flanked,
          lemuel_flame_loot_1
D:4:      layout_layer_cave, lemuel_round_altar, serial_glass, glass_columns_a,
          glass_columns_c, minmay_surrounded, uniq_pikel, uniq_duvessa,
          uniq_crazy_yiuf_cottage
D:5:      layout_layer_cave, temple_green,
          nicolae_ossuary_entry_false_entrances, kennysheep_generic_room_8
D:6:      layout_cave_pools, mainiacjoe_overflow_concentric_impassable,
          serial_park, serial_park_fountain, serial_park_gazebo
          [serial_park_minivault_5x5_4], serial_park_tiny_2,
          serial_park_tiny_pond, serial_park_tiny_2
D:7:      layout_layer_cave, ebering_ghost_reflecting_pool
D:8:      layout_loops_ring, mainiacjoe_overflow_swirl
D:9:      layout_irregular_city, kennysheep_little_box,
          ashenzari_conservatory_becter, mainiacjoe_overflow_big_doors,
          orc_0_dummy, gammafunk_ghost_nasty_kobolds, uniq_maggie
D:10:     layout_roguey, okawaru_altar_gauntlet_db, vehumet_statue, uniq_snorg,
          uniq_erolcha
D:11:     layout_irregular_city, erik_lair_orcish_takeover, serial_column_ruins,
          column_ruins_circle_large, column_ruins_open_small,
          column_ruins_open_tiny, column_ruins_corridor_corner,
          column_ruins_corridor_straight
D:12:     layout_roguey, uniq_maurice
D:13:     layout_gridville, nicolae_hexahallways,
          einodemon_armed_red_devil_minivault, uniq_rupert
Temple:   cyrus_temple_forest
Lair:1:   layout_cave_pods, basic_altar, special_room [special_room_bee],
          grunt_megastairs_1, lemuel_fruit_fields
Lair:2:   beast_lair_carwin_large_3, layout_cave_pods,
          minmay_shoals_entry_centaurs, serial_bayou_shore_b,
          infiniplex_staircase_pool_2
Lair:3:   layout_loops_ring, minmay_snake_entry_spellcaster,
          nicolae_volcano_entry_two_sided
Lair:4:   layout_gridlike
Lair:5:   evilmike_catoblepas_cave, layout_hall_layers,
          dpeg_slime_entry_enclosed, uniq_urug
Shoals:1: layout_shoals
Snake:1:  layout_concentric_octagons, serial_shops, shop, grunt_megastairs_3
Snake:2:  layout_honeycomb, minmay_shop_grove, uniq_aizul, uniq_azrael
Orc:1:    layout_caves, basic_altar
Orc:2:    pf_orc_diabolical, layout_caves, basic_altar

Skill      XL: |  1  2  3  4  5  6  7  8  9 10 11 12 13 14 |
---------------+-------------------------------------------+-----
Dodging        | 3 4 5 6 9 8 12 13 15 17 19 | 19.0
Stealth        | 3 |  3.3
Fighting       | 1 2 3 6 7 8 9 11 13 14 | 14.9
Spellcasting   | 3 4 5 7 9 10 | 10.0
Hexes          | 2 3 4 6 7 |  7.0
Summonings     | 5 6 8 10 | 10.0
Air Magic      | 1 5 6 7 |  7.0
Translocations | 6 8 |  8.4
Transmutations | 4 6 |  6.4

Action                   |  1- 3 |  4- 6 |  7- 9 | 10-12 | 13-15 || total
-------------------------+-------+-------+-------+-------+-------++-------
Melee: Unarmed           |    25 |    64 |    49 |    10 |    24 ||   172
       Bite              |     2 |    12 |     6 |     2 |     5 ||    27
       Punch             |       |     1 |     1 |       |       ||     2
 Cast: Summon Small Mamm |    60 |    49 |    74 |    17 |     8 ||   208
       Call Imp          |    11 |     7 |     7 |     3 |     1 ||    29
       Call Canine Famil |     3 |    23 |    35 |    13 |     8 ||    82
       Summon Guardian G |       |    14 |    57 |    34 |    27 ||   132
       Summon Mana Viper |       |       |     5 |    67 |    76 ||   148
       Summon Lightning  |       |       |       |    87 |    94 ||   181
       Summon Cactus Gia |       |       |       |       |    49 ||    49
       Summon Forest     |       |       |       |       |    12 ||    12
       Blink             |       |       |       |       |     3 ||     3
Invok: Call Merchant     |       |       |       |       |     4 ||     4
       Potion Petition   |       |       |       |       |     4 ||     4
Evoke: Wand              |       |       |       |       |     8 ||     8
  Use: Potion            |     3 |     6 |     4 |     1 |     6 ||    20
       Scroll            |     1 |    10 |     1 |    12 |    10 ||    34
 Stab: Sleeping          |     2 |       |       |       |       ||     2
       Distracted        |       |     1 |       |     1 |     2 ||     4
Armor: Skin              |     1 |     5 |     8 |     4 |     8 ||    26
Dodge: Dodged            |    39 |    97 |   173 |   128 |   246 ||   683
Block: Other             |       |       |       |    19 |    59 ||    78
       Reflection        |       |       |       |     6 |     2 ||     8
